AoeStats
← matthijs.-

Arabia

510179887Analyzed
1v1 RM · 4d ago on Sep 29, 2026· 72m 57s· 2 players
Game mode
Random Map
Map size
Tiny (2 player)
Population
200
Speed
Normal
Resources
Standard
Victory
Conquest
Starting age
Dark Age
Ending age
Imperial Age
RankedLock teamsTeams togetherTeam positionsShared explorationLock speedFull tech treeHidden civsTurbo modeCheats
Victory
Defeat
🇧🇪 Burgundians · Belgium
1165
+18
🇦🇷 Chinese · Argentina
1200
-18
matthijs.-
7:04 Loom
9:31 Feudal Age
8:29 Double-Bit Axe
18:26 Horse Collar
21:59 Castle Age
20:43 Fletching
20:59 Scale Barding Armor
21:29 Gold Mining
22:38 Bodkin Arrow
22:06 Crossbowman
23:55 Bow Saw
26:10 Padded Archer Armor
29:33 Wheelbarrow
28:44 Town Watch
30:02 Two-Man Saw
29:04 Heavy Plow
38:22 Husbandry
41:04 Elite Skirmisher
45:24 Imperial Age
46:26 Leather Archer Armor
48:06 Light Cavalry
50:26 Crop Rotation
49:47 Hussar
50:48 Chain Barding Armor
50:40 Forging
52:21 Ballistics
53:48 Pikeman
54:30 Squires
55:01 Conscription
56:08 Halberdier
64:57 Bracer
65:36 Plate Barding Armor
65:36 Iron Casting
64:33 Cavalier
65:33 Capped Ram
67:21 Arson
67:07 Paladin
68:56 Hoardings
67:57 Sappers
69:10 Murder Holes
69:37 Masonry
70:35 Chemistry
Saleuzenom
0:26 Loom
9:23 Feudal Age
9:33 Man-at-Arms
12:46 Double-Bit Axe
19:52 Castle Age
18:49 Forging
18:26 Arson
21:03 Horse Collar
21:20 Gold Mining
23:57 Scale Mail Armor
24:53 Iron Casting
24:55 Squires
27:20 Chain Mail Armor
39:21 Imperial Age
37:30 Wheelbarrow
36:41 Town Watch
37:03 Fletching
37:14 Padded Archer Armor
38:13 Bodkin Arrow
39:55 Ballistics
41:08 Chemistry
40:38 Conscription
39:48 Capped Ram
49:59 Bloodlines
50:07 Cavalier
53:03 Scale Barding Armor
61:40 Light Cavalry
67:07 Heavy Scorpion
69:53 Elite Fire Lancer
71:17 Plate Mail Armor
72:43 Blast Furnace
Connection lost

Rejoining the realm…

Still unreachable

The connection could not be restored.

Session expired

The server has moved on; the page needs a fresh start.